 Dungeon Crawl Stone Soup version 0.17.0-28-g6e173f8 (console) character file.

11135 gw the Dwarven Catastrophe (level 11, -1/90 HPs)
             Began as a Deep Dwarf Gladiator on Nov 22, 2015.
             Was an Elder of Qazlal.
             Slain by a small abomination (12 damage)
             ... on level 1 of the Abyss.
             The game lasted 00:12:18 (7672 turns).

gw the Dwarven Catastrophe (Deep Dwarf Gladiator)   Turns: 7672, Time: 00:12:18

Health: -1/90      AC: 13    Str: 17    XL:     11   Next: 45%
Magic:  0/0        EV:  7    Int:  6    God:    Qazlal [****..]
Gold:   228        SH:  5    Dex: 12    Spells: 0 memorised, 10 levels left

rFire  . . .     SeeInvis .     a - +0 morningstar
rCold  . . .     Rnd*Rage +     h - +1 plate armour
rNeg   . . .     SustAt   .     (no shield)
rPois  .         Gourm    .     g - +2 hat
rElec  .         Spirit   .     n - +0 cloak
rCorr  +         Warding  .     (no gloves)
rMut   .         Rnd*Tele +     (no boots)
MR     ++...                    s - amulet of resist corrosion
Stlth  ..........               m - ring of protection from magic
                                p - +3 ring of strength

@: non-regenerating, mildly diseased, repel missiles, very resistant to hostile
enchantments, extremely unstealthy
A: damage resistance, recharge devices, berserk 3, blurry vision 3, clumsy 2,
deformed body, deterioration 2, dopey 2, frail 1, low mp 3, sense surroundings
2, screaming 1, slow regeneration 3, teleportitis 1, weak 2, subdued magic 2,
MP-powered wands
a: Device Recharging, Upheaval, Elemental Force, Renounce Religion


You were on level 1 of the Abyss.
You worshipped Qazlal.
Qazlal was greatly pleased with you.
You were very hungry.

You visited 1 branch of the dungeon, and saw 9 of its levels.
You visited the Abyss 1 time.

You collected 228 gold pieces.

Inventory:

Hand Weapons
 a - a +0 morningstar (weapon)
Missiles
 d - 4 throwing nets
 t - 14 bolts
Armour
 g - a +2 hat (worn)
 h - a +1 plate armour (worn)
 n - a +0 cloak (worn)
Jewellery
 m - a ring of protection from magic (right hand)
 p - a +3 ring of strength (left hand)
 s - an amulet of resist corrosion (around neck)
Wands
 e - a wand of heal wounds (4)
Scrolls
 j - 8 scrolls of remove curse
 k - 6 scrolls of identify
Potions
 c - a potion of curing
Comestibles
 f - 3 bread rations
 i - 7 meat rations
 l - a beef jerky
 q - 7 slices of pizza
 r - 18 fruits


   Skills:
 + Level 7.6 Fighting
 + Level 9.4 Maces & Flails
 - Level 1.7 Throwing
 + Level 8.7 Armour
 - Level 3.2 Dodging
 * Level 13.9 Invocations
 - Level 1.5 Evocations


You had 10 spell levels left.
You didn't know any spells.

Dungeon Overview and Level Annotations

Branches:
Dungeon (9/15)             Temple (0/1) D:4
   Lair: D:8-11         Orc: D:9-12

Altars:
Ashenzari
Elyvilon
Fedhas
Kikubaaqudgha
Qazlal
Ru
Yredelemnul
Zin

Annotations:
D:4 exclusion: downstairs
D:9 Psyche


Innate Abilities, Weirdness & Mutations

You are resistant to damage.
You can recharge devices by infusing magical energy.
You passively map the area around you.
You do not regenerate naturally.
[You have an uncontrollable temper.]
[Scrolls take you much longer to read.]
[You are very clumsy. (Dex -4)]
[Armour fits poorly on your strangely shaped body.]
[Your body often deteriorates upon taking damage.]
[You are very dopey. (Int -4)]
[You are frail (-10% HP).]
[Your magical capacity is extremely low (-30% MP).]
[You occasionally shout uncontrollably at your foes.]
[You are occasionally teleported to nearby monsters.]
[You are very weak. (Str -4)]
[Your spells are easier to cast, but less powerful.]
[You expend magic power (3 MP) to strengthen your wands.]


Message History

You hit the small abomination.
The small abomination is moderately damaged.
The thrashing horror tramples you.
You stumble backwards!
The small abomination closely misses you.
ATTACK MOVE TO (-1,-1)
Your plate armour prevents you from hitting the small abomination.
The small abomination is moderately damaged.
The thrashing horror roars!
The thrashing horror tramples you but does no damage.
You block the thrashing horror's attack.
The small abomination hits you!
ATTACK MOVE TO (-1,-1)
You closely miss the small abomination.
The small abomination is moderately damaged.
The thrashing horror tramples you.
You stumble backwards!
ATTACK MOVE TO (0,-1)
You hit the small abomination but do no damage.
The small abomination is moderately damaged.
The small abomination hits you!
You die...

# #.....#..
...(...# #. .#.#.
.#..... #
................#
#.#.#.#.#..... #
. ........¤.. [#
.#.#.#*#.## #
#.......¤X#
...#.#.#.#x# ...
.......¤.#.g# .
...####.##### ..
#.. # . #.# # #.#
. . .# . . .


You could see a wretched star, a thrashing horror and a small abomination.

Table legend:
 A = Turns spent in this place as a percentage of turns spent in the entire game.
 B = Non-inter-level travel turns spent in this place as a percentage of non-inter-level travel turns spent in the entire game.
 C = Inter-level travel turns spent in this place as a percentage of turns spent in this place.
 D = Turns resting spent in this place as a percentage of non-inter-level travel turns spent in this place.
 E = Turns spent auto-exploring this place as a percentage of non-inter-level travel turns spent in this place.
 F = Non-inter-level travel turns spent in this place divided by the number of levels of this place that you've seen.
                   A       B       C       D       E      F
               +-------+-------+-------+-------+-------+----------------------
         Total | 100.0 | 100.0 |   0.4 |   0.1 |   1.8 | 1896.4
       Dungeon |  96.1 |  96.1 |   0.4 |   0.1 |   1.8 | 2024.1
         Abyss |   3.9 |   3.9 |   0.0 |   0.0 |   1.1 | 747.0
               +-------+-------+-------+-------+-------+----------------------

Table legend:
 A = Kills in this place as a percentage of kills in entire the game.
 B = Kills by you in this place as a percentage of kills by you in the entire game.
 C = Kills by friends in this place as a percentage of kills by friends in the entire game.
 D = Other kills in this place as a percentage of other kills in the entire game.
 E = Experience gained in this place as a percentage of experience gained in the entire game.
 F = Experience gained in this place divided by the number of levels of this place that you have seen.
                   A       B       C       D       E      F
               +-------+-------+-------+-------+-------+----------------------
         Total | 100.0 | 100.0 |  -nan |  -nan | 100.0 | 1590.8
       Dungeon |  96.5 |  96.5 |  -nan |  -nan |  72.9 | 1289.1
         Abyss |   3.5 |   3.5 |  -nan |  -nan |  27.1 | 4306.0
               +-------+-------+-------+-------+-------+----------------------

Vanquished Creatures
  A tentacled starspawn (Abyss:1)
  2 hydras
  Erica (D:8)
  The ghost of gw the Basher, a novice GrBe of Trog (D:7)
  Pikel (D:5)
  An anaconda skeleton (Abyss:1)
  An efreet (Abyss:1)
  An ancient zyme (Abyss:1)
  A large abomination (Abyss:1)
  Grinder (D:5)
  The ghost of gw the Shield-Bearer, an amateur GrFi of Elyvilon (D:4)
  A ynoxinul (Abyss:1)
  Sigmund (D:4)
  2 neqoxecs (Abyss:1)
  2 yaks (D:8)
  Eustachio (D:4)
  A hippogriff (D:7)
  Menkaure (D:6)
  3 orc warriors (D:8)
  7 ogres
  An eye of draining (D:8)
  A phantom (D:6)
  4 slaves
  A sky beast (D:5)
  A centaur (D:9)
  4 big kobolds
  A crocodile (D:9)
  Blork the orc (D:4)
  4 giant frogs
  A wyvern zombie (D:8)
  A water moccasin skeleton (D:8)
  5 scorpions
  11 crimson imps
  6 hounds
  A jelly (D:7)
  A centaur skeleton (D:8)
  5 orc priests
  A giant frog skeleton (D:4)
  An iguana (D:5)
  10 worker ants
  Terence (D:3)
  8 orc wizards
  2 sheep (D:8)
  A hound zombie (D:7)
  A hound skeleton (D:7)
  A worker ant zombie (D:5)
  11 adders
  9 gnolls
  3 shadow imps
  3 worms
  24 orcs
  2 ball pythons
  9 giant cockroaches
  12 goblins
  9 hobgoblins
  6 jackals
  8 quokkas
  4 bats
  5 giant geckos
  A giant gecko zombie (D:5)
  4 giant newts
  11 kobolds
  8 rats
  2 plants (D:8)
  2 starspawn tentacles (Abyss:1)
239 creatures vanquished.

Vanquished Creatures (others)
  A small abomination (Abyss:1)
  An orc (D:8)
  A plant (D:8)
3 creatures vanquished.

Grand Total: 242 creatures vanquished

Notes
Turn   | Place    | Note
--------------------------------------------------------------
     0 | D:1      | gw the Deep Dwarf Gladiator began the quest for the Orb.
     0 | D:1      | Reached XP level 1. HP: 19/19 MP: 1/1
   239 | D:1      | Reached XP level 2. HP: 24/26 MP: 2/2
   542 | D:2      | Reached skill level 1 in Evocations
   613 | D:2      | Reached XP level 3. HP: 28/32 MP: 4/4
   849 | D:2      | Reached skill level 1 in Armour
  1686 | D:3      | Reached skill level 4 in Maces & Flails
  1836 | D:3      | Reached XP level 4. HP: 31/39 MP: 5/5
  1941 | D:3      | Found a stormy altar of Qazlal.
  1942 | D:3      | Found an ancient bone altar of Kikubaaqudgha.
  1946 | D:3      | Became a worshipper of Qazlal Stormbringer
  2089 | D:3      | Found a shattered altar of Ashenzari.
  2360 | D:3      | Reached skill level 1 in Invocations
  2594 | D:3      | Noticed Terence
  2605 | D:3      | Killed Terence
  2605 | D:3      | Reached XP level 5. HP: 35/46 MP: 6/6
  2619 | D:3      | Reached * piety under Qazlal
  2844 | D:4      | Noticed Eustachio
  2977 | D:4      | Noticed Sigmund
  2983 | D:4      | Noticed gw's ghost (amateur GrFi)
  2993 | D:4      | Killed Sigmund
  2993 | D:4      | Reached skill level 5 in Maces & Flails
  2993 | D:4      | Reached XP level 6. HP: 46/56 MP: 6/8
  3004 | D:4      | Killed gw's ghost
  3004 | D:4      | Reached XP level 7. HP: 48/62 MP: 6/10
  3024 | D:4      | Reached skill level 5 in Invocations
  3371 | D:4      | Noticed Blork the orc
  3386 | D:4      | Killed Blork the orc
  3420 | D:4      | Found a staircase to the Ecumenical Temple.
  3487 | D:4      | Killed Eustachio
  3487 | D:4      | Reached skill level 6 in Invocations
  3695 | D:5      | Entered Level 5 of the Dungeon
  3697 | D:5      | Noticed Pikel
  3736 | D:5      | Found a white marble altar of Elyvilon.
  4037 | D:5      | Reached XP level 8. HP: 46/72 MP: 11/13
  4135 | D:4      | Reached skill level 7 in Invocations
  4173 | D:5      | Noticed Grinder
  4247 | D:5      | Killed Pikel
  4247 | D:5      | Reached skill level 8 in Invocations
  4260 | D:5      | Paralysed by Grinder for 3 turns
  4280 | D:5      | Killed Grinder
  4280 | D:5      | Reached skill level 5 in Armour
  4418 | D:5      | Reached ** piety under Qazlal
  4554 | D:5      | Reached skill level 9 in Invocations
  4554 | D:5      | Gained mutation: You passively map the area around you. [Deep Dwarf growth]
  4554 | D:5      | Reached XP level 9. HP: 50/80 MP: 11/11
  4577 | D:6      | Reached skill level 5 in Fighting
  4813 | D:6      | Found a basalt altar of Yredelemnul.
  4815 | D:6      | Found a glowing silver altar of Zin.
  4819 | D:6      | Found a sacrificial altar of Ru.
  5170 | D:6      | Noticed Menkaure
  5193 | D:6      | Killed Menkaure
  5193 | D:6      | Reached skill level 10 in Invocations
  5377 | D:7      | Noticed a seven-headed hydra
  5419 | D:7      | Killed a seven-headed hydra
  5456 | D:7      | Reached *** piety under Qazlal
  5567 | D:7      | Reached skill level 11 in Invocations
  5693 | D:7      | Reached XP level 10. HP: 68/91 MP: 9/9
  5998 | D:7      | Noticed gw's ghost (novice GrBe)
  6061 | D:7      | Killed gw's ghost
  6689 | D:8      | Reached skill level 12 in Invocations
  6694 | D:8      | Found a blossoming altar of Fedhas.
  6780 | D:8      | Reached **** piety under Qazlal
  6904 | D:8      | Noticed Erica
  6985 | D:8      | Killed Erica
  7088 | D:8      | Noticed a three-headed hydra
  7338 | D:8      | Killed a three-headed hydra
  7338 | D:8      | Reached skill level 13 in Invocations
  7338 | D:8      | Reached XP level 11. HP: 59/100 MP: 7/7
  7477 | D:9      | Noticed Psyche
  7481 | D:9      | Cast into the Abyss (Psyche)
  7573 | Abyss:1  | Noticed a tentacled starspawn
  7582 | Abyss:1  | Killed a tentacled starspawn
  7636 | Abyss:1  | Noticed a wretched star
  7661 | Abyss:1  | Noticed a thrashing horror
  7672 | Abyss:1  | Slain by a small abomination

Action                   |  1- 3 |  4- 6 |  7- 9 | 10-12 || total
-------------------------+-------+-------+-------+-------++-------
Melee: Flail             |   154 |   166 |   468 |   280 ||  1068
       Morningstar       |       |       |       |   167 ||   167
Invok: Upheaval          |       |       |       |     5 ||     5
 Abil: Device Recharging |       |       |     9 |     7 ||    16
Evoke: Wand              |     1 |     1 |    33 |    36 ||    71
  Use: Scroll            |     3 |       |     7 |     7 ||    17
       Potion            |     4 |     3 |     9 |     1 ||    17
  Eat: Chunk             |     4 |     5 |    11 |     6 ||    26

Vault maps used:
D:1:      evilmike_arrival_hilbert_curve
D:2:      grunt_ministairs_12
D:3:      gammafunk_temple_overflow_statue, cheibrodos_ashenzari_chains,
          uniq_terence
D:4:      temple_green, first_bread, uniq_eustachio, uniq_blork_the_orc,
          uniq_sigmund
D:5:      hangedman_decor_riveting, elyvilon_altar_4, uniq_pikel, uniq_grinder
D:6:      gammafunk_temple_overflow_forgotten, uniq_menkaure
D:7:      minmay_nine_imps
D:8:      fedhas_altar_2, st_stairs_12, hangedman_ranch, uniq_erica
D:9:      roderic_ancient_swastika, minivault_29, uniq_psyche
